Map: Frozen Temple

Players

InvHarstem (Harstem) - Winner!

  • Race: Protoss Protoss

iaguz

  • Race: Terran Terran

Event: 2016 WCS Summer Circuit Championship (DH Montreal)

VOD

Have the link to the VOD?

Description

Time

  • Played on: Aug. 12, 2016, 2:47 p.m.
  • Length: 13:22

All games in this series

Show
View Real Time Build Order
Export as new Build Order

InvHarstem Protoss - Winner!

Build Orders: 1 Gate Expand, Oracle Opening 

Get SALT Encoding   

  12  0:01  Probe (Chrono Boost)  
  13  0:11  Probe (Chrono Boost)  
  14  0:17  Pylon  
  14  0:25  Probe (Chrono Boost)  
  16  0:35  Probe (Chrono Boost)  
  16  0:36  Gateway  
  16  0:46  Probe (Chrono Boost)  
  16  0:47  Assimilator  
  17  0:56  Probe (Chrono Boost)  
  18  1:07  Probe (Chrono Boost)  
  19  1:18  Probe (Chrono Boost)  
  20  1:24  Nexus  
  20  1:34  Cybernetics Core  
  20  1:37  Probe (Chrono Boost)  
  21  1:43  Assimilator  
  21  1:48  Probe (Chrono Boost)  
  21  1:52  Pylon  
  22  1:58  Probe (Chrono Boost)  
  23  2:07  Adept  
  23  2:11  Warp Gate  
  23  2:12  Probe (Chrono Boost)  
  27  2:24  Probe (Chrono Boost)  
  27  2:28  Stargate  
  27  2:34  Adept  
  27  2:35  Probe (Chrono Boost)  
  31  2:37  Probe (Chrono Boost)  
  31  2:46  Probe (Chrono Boost)  
  31  2:48  Probe (Chrono Boost)  
  33  2:58  Probe (Chrono Boost)  
  35  2:59  Probe (Chrono Boost)  
  35  3:02  Adept  
  37  3:06  Oracle  
  37  3:09  Probe (Chrono Boost)  
  37  3:11  Probe (Chrono Boost)  
  42  3:15  Pylon  
  42  3:19  Probe (Chrono Boost)  
  43  3:23  Probe (Chrono Boost)  
  44  3:30  Probe (Chrono Boost)  
  44  3:34  Nexus  
  45  3:37  Oracle  
  45  3:43  Probe (Chrono Boost)  
  45  3:44  Probe (Chrono Boost)  
  50  3:50  Gateway  
  50  3:55  Probe (Chrono Boost)  
  51  3:58  Probe (Chrono Boost)  
  50  4:07  Probe (Chrono Boost), Gateway  
  50  4:08  Probe (Chrono Boost)  
  50  4:19  Probe x2 (Chrono Boost)  
  50  4:23  Adept  
  54  4:28  Pylon  
  54  4:32  Probe (Chrono Boost)  
  54  4:36  Probe (Chrono Boost)  
  54  4:39  Assimilator  
  54  4:43  Assimilator, Phoenix  
  55  4:45  Probe (Chrono Boost)  
  55  4:46  Pylon  
  55  4:50  Mothership Core (Chrono Boost)  
  55  4:51  Twilight Council  
  55  4:52  Adept  
  61  4:56  Probe (Chrono Boost), Pylon  
  61  4:58  Probe (Chrono Boost)  
  63  5:07  Probe (Chrono Boost)  
  64  5:09  Probe (Chrono Boost)  
  64  5:10  Probe (Chrono Boost)  
  64  5:11  Sentry, Adept  
  70  5:14  Pylon  
  70  5:17  Probe (Chrono Boost)  
  70  5:19  Probe (Chrono Boost)  
  70  5:21  Blink  
  73  5:22  Probe (Chrono Boost)  
  73  5:24  Forge  
  73  5:27  Forge  
  73  5:28  Probe (Chrono Boost)  
  74  5:30  Probe (Chrono Boost)  
  74  5:33  Pylon  
  74  5:34  Probe (Chrono Boost)  
  76  5:38  Probe (Chrono Boost)  
  76  5:40  Probe (Chrono Boost)  
  78  5:43  Protoss Ground Armor Level 1  
  78  5:44  Protoss Ground Weapons Level 1  
  78  5:45  Stalker  
  78  5:46  Probe (Chrono Boost)  
  78  5:49  Probe (Chrono Boost)  
  82  5:50  Stalker  
  82  5:53  Probe (Chrono Boost), Stalker  
  87  6:08  Gateway  
  87  6:09  Adept  
  87  6:11  Pylon  
  89  6:15  Gateway  
  89  6:16  Sentry  
  93  6:19  Probe (Chrono Boost), Gateway  
  93  6:20  Probe (Chrono Boost)  
  94  6:25  Stalker  
  94  6:26  Probe (Chrono Boost)  
  94  6:31  Photon Cannon  
  96  6:36  Stalker, Pylon  
  96  6:39  Probe (Chrono Boost)  
  100  6:41  Probe (Chrono Boost), Stalker, Pylon  
  102  6:51  Stalker  
  104  7:00  Stalker  
  106  7:06  Stalker x2  
  111  7:09  Probe (Chrono Boost)  
  111  7:12  Probe (Chrono Boost), Robotics Facility  
  111  7:15  Stalker x2  
  116  7:17  Gateway  
  116  7:18  Pylon  
  116  7:24  Protoss Ground Armor Level 2  
  116  7:26  Stalker x2, Gateway  
  116  7:28  Pylon  
  118  7:34  Adept x2  
  118  7:36  Pylon  
  123  7:37  Probe (Chrono Boost)  
  123  7:41  Probe x2 (Chrono Boost), Assimilator  
  123  7:43  Protoss Ground Weapons Level 2, Assimilator  
  125  7:45  Pylon  
  125  8:01  Adept x5, Pylon  
  135  8:05  Pylon  
  135  8:06  Resonating Glaives  
  135  8:08  Warp Prism  
  135  8:10  Stalker  
  139  8:20  Adept, Pylon  
  139  8:25  Pylon  
  139  8:26  Pylon  
  141  8:27  Adept, Robotics Bay  
  141  8:28  Adept  
  145  8:36  Adept x4  
  145  8:38  Pylon  
  150  8:43  Observer  
  150  8:47  Stalker x2  
  150  8:48  Stalker  
  155  9:02  Adept x3, Observer  
  161  9:03  Nexus  
  161  9:06  Adept  
  164  9:19  Disruptor  
  164  9:20  Pylon  
  164  9:21  Probe (Chrono Boost)  
  166  9:42  Adept x6  
  176  9:48  Pylon, Stargate  
  176  9:50  Fleet Beacon  
  167  9:57  Stalker x2  
  168  10:04  Disruptor  
  171  10:08  Adept x4  
  179  10:16  Pylon  
  179  10:20  Stalker x2  
  162  10:36  Adept  
  162  10:37  Adept x5  
  162  10:39  Disruptor  
  163  10:43  Protoss Ground Weapons Level 3  
  163  10:44  Stalker x2  
  170  10:57  Probe x2 (Chrono Boost)  
  170  10:59  Probe (Chrono Boost)  
  170  11:01  Probe (Chrono Boost)  
  171  11:06  Assimilator  
  171  11:07  Assimilator  
  171  11:11  Disruptor, Tempest  
  172  11:30  Probe (Chrono Boost)  
  173  11:33  Photon Cannon  
  173  11:34  Photon Cannon  
  173  11:35  Tempest  
  173  11:36  Adept x5, Pylon  
  183  11:46  Sentry  
  189  11:47  Stalker  
  189  11:48  Adept  
  189  11:49  Tempest  
  193  11:56  Disruptor  
  187  12:35  Adept x5  
  189  12:40  Adept x7  
  171  12:45  Probe (Chrono Boost)  
  171  12:49  Adept x2  
  171  12:50  Adept x4  
  149  12:53  Probe (Chrono Boost)  
  149  12:54  Adept  
  147  13:05  Stalker  
  153  13:06  Probe (Chrono Boost)  
  153  13:09  Probe x2 (Chrono Boost)  
  153  13:10  Pylon  
  153  13:11  Adept x6  
Show
View Real Time Build Order
Export as new Build Order

iaguz Terran 

Build Orders: MMM Bio 

Get SALT Encoding   

  12  0:00  SCV  
  13  0:12  SCV  
  14  0:17  Supply Depot  
  14  0:24  SCV  
  15  0:38  SCV  
  15  0:40  Barracks  
  16  0:44  Refinery  
  16  0:51  SCV  
  17  1:03  SCV  
  18  1:15  SCV  
  19  1:27  Orbital Command  
  19  1:28  Barracks Reactor  
  19  1:45  Command Center  
  19  1:52  Supply Depot  
  19  1:54  SCV  
  20  2:03  Marine  
  20  2:04  Marine  
  22  2:08  SCV  
  23  2:20  Factory  
  23  2:21  SCV  
  23  2:22  Marine  
  25  2:23  Marine  
  26  2:34  SCV  
  27  2:40  Barracks  
  27  2:46  SCV  
  27  2:51  Reaper  
  29  2:56  Orbital Command  
  29  3:01  SCV  
  30  3:12  Hellion x2  
  34  3:13  SCV  
  35  3:22  Barracks  
  35  3:23  SCV  
  35  3:26  Barracks Tech Lab  
  35  3:27  Supply Depot  
  36  3:31  SCV  
  36  3:33  Hellion  
  39  3:36  SCV  
  39  3:40  Barracks Tech Lab  
  40  3:43  SCV  
  40  3:44  Marine, Stimpack  
  40  3:47  Supply Depot  
  40  3:48  SCV  
  43  3:55  SCV  
  43  3:57  Widow Mine  
  43  3:58  Widow Mine  
  43  4:00  SCV  
  49  4:03  Marine x2  
  49  4:07  SCV  
  51  4:12  Marine, SCV  
  48  4:21  Marine x2  
  50  4:27  SCV  
  50  4:28  SCV  
  50  4:30  Marine  
  47  4:39  Marine  
  47  4:40  Refinery, SCV x2  
  47  4:42  Engineering Bay  
  50  4:51  Marine, Refinery  
  50  4:52  SCV x2  
  53  4:57  Starport, Marine  
  54  5:04  Factory Reactor, SCV x2  
  56  5:15  Marine  
  56  5:16  Supply Depot, Marine x3, SCV x2  
  56  5:20  Supply Depot  
  62  5:22  Supply Depot  
  62  5:25  Terran Infantry Weapons Level 1  
  62  5:38  Marine x4, SCV x2  
  67  5:45  Medivac  
  69  5:50  SCV x2  
  69  5:51  Medivac  
  69  5:56  Marine  
  74  5:58  Command Center  
  74  6:00  Widow Mine, Marine x3  
  74  6:02  SCV x2  
  81  6:05  Supply Depot  
  81  6:07  Supply Depot  
  81  6:08  Combat Shields  
  81  6:14  Concussive Shells  
  81  6:15  Marauder  
  85  6:18  Missile Turret, Marauder  
  85  6:24  Missile Turret  
  85  6:26  Marine  
  85  6:27  Marine, SCV x2  
  89  6:36  Supply Depot  
  89  6:37  Refinery  
  89  6:40  Supply Depot  
  89  6:44  Factory Reactor, Marine, Marauder x2  
  93  6:49  SCV  
  93  6:50  Liberator, SCV  
  93  6:52  Barracks  
  93  6:53  Barracks  
  94  6:55  Liberator  
  92  7:02  SCV  
  92  7:04  Marine  
  92  7:05  Marine  
  92  7:06  Marauder x2  
  98  7:17  SCV  
  98  7:18  SCV  
  99  7:28  Missile Turret  
  99  7:29  SCV  
  96  7:31  SCV  
  96  7:34  Terran Infantry Armor Level 1  
  88  7:37  Orbital Command  
  88  7:38  Marine  
  88  7:39  Widow Mine, Marine, Marauder x2  
  88  7:41  Barracks Reactor  
  88  7:42  SCV  
  88  7:43  SCV  
  88  7:44  Barracks Tech Lab  
  95  7:54  SCV  
  95  7:55  Widow Mine  
  101  7:59  Marine x2  
  101  8:03  Marine x3  
  69  8:05  Medivac  
  106  8:07  Medivac  
  107  8:13  SCV x3, Refinery  
  107  8:14  Supply Depot x2  
  107  8:18  Engineering Bay, Armory  
  110  8:21  Marauder  
  110  8:23  Liberator  
  110  8:25  Widow Mine, Marine x4, Marauder  
  120  8:34  Widow Mine  
  120  8:36  Liberator  
  120  8:40  Marauder  
  127  8:44  Marine x2  
  127  8:45  Marauder  
  130  8:54  Marine x2, Marauder  
  137  8:59  Ghost Academy  
  137  9:00  Barracks x2  
  137  9:01  Barracks  
  137  9:02  SCV x3  
  140  9:03  Refinery  
  140  9:09  Marine, Marauder  
  143  9:11  Marauder  
  143  9:12  Marine  
  143  9:13  Widow Mine  
  143  9:14  Marine  
  143  9:16  Supply Depot  
  149  9:17  Supply Depot  
  149  9:18  Widow Mine, Supply Depot, Marine  
  152  9:25  Marauder  
  152  9:26  Marine  
  152  9:29  Marine  
  155  9:31  Marine  
  148  9:39  Marine  
  148  9:40  Medivac x2  
  148  9:42  SCV x2  
  148  9:44  Marine  
  151  9:51  Ghost x3  
  151  9:52  Marine x2  
  153  9:57  Marine  
  154  10:06  Marine  
  155  10:09  Marine  
  155  10:10  Marine  
  155  10:14  Terran Infantry Weapons Level 2  
  160  10:15  Marine, Terran Infantry Armor Level 2  
  160  10:17  Barracks Tech Lab x2, Barracks Reactor  
  160  10:20  SCV x3  
  157  10:35  Marine, Marauder  
  142  10:37  Marine  
  142  10:38  Marine x2, Marauder x2  
  123  10:43  Liberator x2  
  123  10:54  Marine x2  
  123  10:55  Marine  
  129  10:57  SCV x3  
  129  10:58  Widow Mine x2  
  135  11:09  Marine x2  
  135  11:10  Marauder  
  130  11:21  Marine x6, Marauder  
  138  11:28  Marine  
  138  11:29  Marauder  
  138  11:31  Marine  
  138  11:32  Marauder  
  144  11:38  Marine  
  144  11:39  Marine, Marauder  
  148  11:42  Widow Mine x2  
  148  11:45  Marine  
  153  11:50  Marine, Marauder  
  156  12:03  Marine x3, Marauder  
  156  12:06  Marine  
  161  12:12  Marine, Marauder  
  159  12:17  Marine  
  159  12:18  Marauder  
  115  12:42  Marine x2, Marauder  
  94  12:45  Marine x2, Marauder  
  83  12:54  Marauder  
  67  13:03  Marine  
  67  13:04  Marine  
Tags
 
Add a new tag
Caveats
  • Supply blocks, unpowered buildings, or Contaminate may cause inaccurate times.
  • Supply counts are checked every 10 seconds.